 Dungeon Crawl Stone Soup version 0.31-a0-881-ge136f0c47a (webtiles) character file.

Game seed: 10905840771961291351

161 scionoferis the Chopper (level 5, -10/48 HPs)
             Began as a Minotaur Chaos Knight on Oct 15, 2023.
             Was a Plaything of Xom.
             Mangled by Crazy Yiuf
             ... wielding a +2 quarterstaff of chaos
              (25 damage)
             ... on level 3 of the Dungeon.
             The game lasted 00:07:45 (2226 turns).

scionoferis the Chopper (Minotaur Chaos Knight)     Turns: 2226, Time: 00:07:45

Health: -10/48     AC:  6    Str: 16    XL:     5   Next: 19%
Magic:  4/4        EV: 11    Int:  9    God:    Xom [*.....]
Gold:   99         SH:  0    Dex: 12    Spells: 4/4 levels left

rFire   . . .        a - +0 hand axe (chaos)
rCold   . . .        (no shield)
rNeg    . . .        b - +2 leather armour
rPois   .            (helmet restricted)
rElec   .            (no cloak)
rCorr   .            l - +0 pair of gloves
SInv    .            (no boots)
Will    .....        (no amulet)
Stlth   +            (no ring)
HPRegen 0.28/turn    (no ring)
MPRegen 0.09/turn

%: no passive effects
@: no status effects
A: horns 2, retaliatory headbutt
a: Renounce Religion


You were on level 3 of the Dungeon.
You worshipped Xom.
You were a special plaything of Xom.
You visited 1 branch of the dungeon, and saw 3 of its levels.

You collected 99 gold pieces.


Innate Abilities, Weirdness & Mutations

You have a pair of horns on your head.
You reflexively headbutt those who attack you in melee.


   Skills:
 + Level 5.1 Fighting
 * Level 6.2 Axes
 - Level 2.4 Armour
 - Level 1.1 Dodging


You had 4 spell levels left.
You didn't know any spells.
Your spell library contained the following spells:

 Spells                   Type           Power      Damage    Failure   Level
 Dazzling Flash           Conj/Hex       0%         N/A       82%         3
 Agony                    Necr           0%         N/A       100%        5
 Silence                  Hex/Air        0%         N/A       100%        5

Inventory:

Hand Weapons
 a - a +0 hand axe of chaos (weapon)
Missiles
 n - 5 poisoned darts
Armour
 b - a +2 leather armour (worn)
 h - an orb of mayhem
   (You found it on level 2 of the Dungeon)
 l - a +0 pair of gloves (worn)
   (You found it on level 3 of the Dungeon)
Wands
 j - a wand of quicksilver (7)
   (You found it on level 3 of the Dungeon)
 k - a wand of digging (5)
   (You found it on level 3 of the Dungeon)
Scrolls
 c - a scroll of butterflies
 d - 3 scrolls of identify
 e - 2 scrolls of immolation
 f - 2 scrolls of enchant armour
Potions
 g - a potion of attraction {unknown}
 i - a potion of heal wounds {unknown}
 m - a potion of brilliance {unknown}

Dungeon Overview and Level Annotations

Branches:
Dungeon (3/15)

Altars:

Annotations:
D:3 Crazy Yiuf

#.......#
##'###### #..#
#.## #.# ##.#
#..##♣♣ ###
#.....♣♣ ♣♣#..)#
#......♣♣♣♣@g...#
##......♣..♣#...#
##....♣.♣♣♣ ###
###♣♣♣♣♣


You could see Crazy Yiuf (fast, strong).


Message History

Welcome, scionoferis the Minotaur Chaos Knight.
It is said that the Orb of Zot exists deep within this dungeon.
Xom says: A new plaything!
Press ? for a list of commands and other information.
Found a dagger.
Found a staircase leading out of the dungeon.
Found a scroll labelled SYRYM KI QEC.
d - a scroll labelled SYRYM KI QEC You open the door.
There is an open door here.
You open the door.
There is an open door here.
You open the door.
There is an open door here.
A frilled lizard comes into view.
The frilled lizard hisses angrily.
A rat comes into view.
Found an escape hatch in the floor.
The frilled lizard bites you.
You barely miss the frilled lizard. You hit the rat but do no damage.
The rat suddenly seems more resistant.
The frilled lizard bites you but does no damage.
The rat barely misses you.
You barely miss the frilled lizard. You hit the rat but do no damage.
You drain the rat.
You kill the rat!
The frilled lizard bites you but does no damage.
You completely miss the frilled lizard. Your punch misses the frilled lizard.
The frilled lizard closely misses you. You furiously retaliate!
You headbutt the frilled lizard.
You kill the frilled lizard!
You see here a frilled lizard corpse.
You open the door.
There is an open door here.
A rat comes into view.
You barely miss the rat. The rat barely misses you.
You closely miss the rat. Your headbutt misses the rat. The rat bites you.
Unknown command.
You closely miss the rat. The rat closely misses you.
You slash the rat!
You kill the rat!
You see here a rat corpse.
Found a stone.
Found a stone staircase leading down.
You see here a stone.
Found 10 gold pieces.
Found a scroll labelled DYFUM LEEPSAJY.
A bat comes into view.
Found 8 stones.
The bat hits you but does no damage.
You barely miss the bat. The bat hits you but does no damage. x2
You hit the bat but do no damage.
The bat appears confused.
You headbutt the bat.
You kill the bat!
e - a scroll labelled DYFUM LEEPSAJY You almost hear Xom's maniacal laughter.
A monocle briefly appears over your left eye.
You see here 8 stones.
A ball python comes into view.
The ball python hisses angrily.
Found a ring mail.
The ball python barely misses you. The ball python grabs you.
The ball python constricts you.
You hit the ball python.
You feel better.
You kill the ball python!
Found a mace.
You see here a ball python corpse.
A giant cockroach comes into view.
The giant cockroach bites you but does no damage.
You slash the giant cockroach!
You kill the giant cockroach!
Your Axes skill increases to level 4!
You see here a giant cockroach corpse.
An endoplasm comes into view.
The endoplasm quivers.
A ball python comes into view.
The ball python hisses angrily.
You slash the ball python! You freeze the ball python.
You kill the ball python! "See what I see, my child!"
You detect nothing.
You slash the endoplasm!
You kill the endoplasm!
You have reached level 2!
You see here a ball python corpse.
Found a stone staircase leading down.
Xom almost notices you.
Your eyebrows briefly feel incredibly bushy.
A hobgoblin comes into view.
The hobgoblin shouts!
The hobgoblin hits you but does no damage.
You hit the hobgoblin. You burn the hobgoblin.
Your headbutt misses the hobgoblin.
The hobgoblin is heavily wounded.
The hobgoblin hits you but does no damage.
You closely miss the hobgoblin. You headbutt the hobgoblin.
You kill the hobgoblin!
You see here a hobgoblin corpse.
Found a club.
You enter the shallow water.
Moving in this stuff is going to be slow.
You enter the shallow water.
Moving in this stuff is going to be slow.
Found a faded altar of an unknown god.
There is an open door here.
You see here a rat skeleton.
Found a leather armour.
You now have 10 gold pieces.
You see here a rat skeleton.
There is an open door here.
Found a scale mail.
Found a scroll labelled RYCKEL BAIFES.
A kobold comes into view. It is wielding a +0 club.
The kobold shouts!
You hit the kobold. Lightning courses through the kobold!
You kill the kobold!
You see here a +0 club.
An endoplasm comes into view.
The endoplasm quivers.
The endoplasm hits you but does no damage.
You hit the endoplasm. You freeze the endoplasm.
The endoplasm is moderately wounded.
The endoplasm barely misses you.
You hit the endoplasm. You burn the endoplasm.
The endoplasm is heavily wounded.
The endoplasm closely misses you.
You hit the endoplasm.
The endoplasm seems to slow down.
The endoplasm is almost dead.
The endoplasm freezes you.
You are frozen.
You hit the endoplasm. You burn the endoplasm.
You kill the endoplasm!
Found a glowing green potion.
A kobold comes into view. It is wielding a +0 short sword.
The kobold shouts!
You hear an angry hiss.
The kobold throws a stone.
The stone hits you.
A frilled lizard and a ball python come into view.
Found 9 stones.
The kobold throws a stone.
The stone barely misses you.
You hit the ball python.
You kill the ball python!
You see here a ball python corpse.
You barely miss the frilled lizard. The frilled lizard bites you.
You closely miss the frilled lizard. You headbutt the frilled lizard.
You kill the frilled lizard!
The kobold throws a stone.
The stone hits you.
Your Fighting skill increases to level 4!
The kobold misses you.
You barely miss the kobold. The kobold hits you but does no damage.
You slash the kobold!
You kill the kobold!
Things that are here:
a +0 short sword; 3 stones
Found a scroll labelled SYRYM KI QEC.
d - 2 scrolls labelled SYRYM KI QEC (gained 1)
Things that are here:
a +0 short sword; 3 stones
f - a scroll labelled RYCKEL BAIFES
g - a glowing green potion A goblin comes into view.
It is wielding a +0 club.
The goblin shouts!
A bat comes into view.
The goblin moves out of view.
The bat misses you.
You hit the bat but do no damage. The bat closely misses you.
The bat barely misses you. The bat hits you but does no damage.
You closely miss the bat. The bat hits you but does no damage.
You closely miss the goblin. You headbutt the goblin.
You kill the goblin!
The bat hits you but does no damage.
You hit the bat. Lightning courses through the bat!
You kill the bat!
Things that are here:
a +0 club; a bat corpse; a goblin corpse As you open the door, it creaks loudly!
Xom makes a sudden noise!
You hear a muffled joke.
Found a stone staircase leading down.
There is a stone staircase leading down here.
There is an open door here.
Done exploring.
There is an open door here.
There is an escape hatch in the floor here.
You slide downwards.
The hatch slams shut behind you.
Found a stone staircase leading down.
Found a scroll labelled RYCKEL BAIFES.
The endoplasm quivers.
The endoplasm freezes you.
You are frozen.
You hit the endoplasm but do no damage.
The endoplasm hits you but does no damage.
You hit the endoplasm.
You feel better.
You headbutt the endoplasm.
You kill the endoplasm!
f - 2 scrolls labelled RYCKEL BAIFES (gained 1)
You open the door.
There is an open door here.
As you open the door, it creaks loudly!
You hear an angry hiss.
You now have 29 gold pieces (gained 19).
You open the door. As you open the door, it creaks loudly!
An adder comes into view.
The adder closely misses you.
You barely miss the adder. You headbutt the adder!
The adder is almost dead.
The adder bites you.
You hit the adder.
You kill the adder!
You have reached level 3!
Your experience leads to an increase in your attributes!
Increase (S)trength, (I)ntelligence, or (D)exterity?
You feel agile. x2
HP restored.
You see here an adder corpse.
Found a halberd.
You see here a +0 halberd.
A giant cockroach comes into view.
Found a runed whip.
A giant cockroach is nearby!
The giant cockroach bites you but does no damage.
You see here a +3 whip.
You hit the giant cockroach. You freeze the giant cockroach.
The giant cockroach is heavily wounded.
The giant cockroach closely misses you.
The giant cockroach bites you but does no damage.
You closely miss the giant cockroach.
You headbutt the giant cockroach, but do no damage.
The giant cockroach is heavily wounded.
The giant cockroach bites you but does no damage.
You completely miss the giant cockroach.
You headbutt the giant cockroach.
You kill the giant cockroach!
A scorpion comes into view.
Xom smiles on you.
You feel attractive to monsters.
You are now a special plaything of Xom.
The scorpion is attracted toward you. The scorpion is attracted toward you.
You hit the scorpion but do no damage. The scorpion stings you!
The scorpion barely misses you. You furiously retaliate!
You headbutt the scorpion. You hit the scorpion.
The scorpion is poisoned.
Your headbutt misses the scorpion.
The scorpion is moderately wounded.
The scorpion closely misses you. You furiously retaliate!
You headbutt the scorpion!
You kill the scorpion!
Your Axes skill increases to level 5!
You have reached level 4!
You feel agile.
Unknown command.
You see here a scorpion corpse.
A quokka comes into view.
The quokka is attracted toward you.
The helpless quokka fails to defend itself.
You hit the quokka. You freeze the quokka.
You kill the quokka!
You open the door.
There is an open door here.
You feel less attractive to monsters.
You see here a +3 whip.
You see here a scorpion corpse.
There is an open door here.
There is an open door here.
You see here a scorpion corpse.
You see here a +3 whip.
You see here a +0 halberd.
You see here an adder skeleton.
As you open the door, it creaks loudly!
A rat comes into view.
There is an open door here.
You closely miss the rat. The rat closely misses you. You furiously retaliate!
You headbutt the rat, but do no damage. You closely miss the rat.
The rat closely misses you.
You slash the rat!
You kill the rat!
You see here a rat corpse.
Found a stone staircase leading down.
A bat comes into view.
The bat hits you.
You barely miss the bat. Your headbutt misses the bat.
The bat hits you but does no damage. The bat hits you but does no damage.
You closely miss the bat. Your headbutt misses the bat.
The bat hits you but does no damage. The bat closely misses you.
You furiously retaliate!
You headbutt the bat. The bat barely misses you.
You hit the bat. Lightning courses through the bat!
You kill the bat!
As you open the door, it creaks loudly!
A worm comes into view.
Found a dagger and a shiny orb.
There is an open door here.
Found a robe.
You see here an orb of mayhem.
You completely miss the worm.
You headbutt the worm, but do no damage.
Xom decides to rearrange the pieces.
You swap places with the worm.
The worm looks rather confused.
You hit the worm. You burn the worm.
The worm is moderately wounded.
You hit the worm. You headbutt the worm!
The worm is severely wounded.
The worm bites you.
You slash the worm! Lightning courses through the worm!
You kill the worm!
You see here an orb of mayhem.
h - an orb of mayhem You open the door.
There is an open door here.
As you open the door, it creaks loudly!
A dart slug comes into view.
There is an open door here.
You hit the dart slug.
The dart slug is poisoned.
You headbutt the dart slug.
The dart slug is severely wounded.
You kill the dart slug!
You see here a dart slug corpse.
You open the door.
There is an open door here.
You open the door.
There is an open door here.
You open the door.
There is an open door here.
A hobgoblin comes into view.
Found a bubbling dark potion.
The hobgoblin shouts!
Found a scroll labelled SYRYM KI QEC.
A rat comes into view.
The hobgoblin barely misses you. You furiously retaliate!
You headbutt the hobgoblin!
You kill the hobgoblin!
You see here a hobgoblin corpse.
You see here a bubbling dark potion.
The rat closely misses you.
You slash the rat!
You kill the rat!
You see here a rat corpse.
d - 3 scrolls labelled SYRYM KI QEC (gained 1)
i - a bubbling dark potion You see here a hobgoblin corpse.
You open the door.
There is an open door here.
A worm comes into view.
You barely miss the worm. You headbutt the worm.
The worm is lightly wounded.
The worm completely misses you. You furiously retaliate!
You headbutt the worm. You hit the worm.
The worm is moderately wounded.
You barely miss the worm. You headbutt the worm.
The worm is heavily wounded.
The worm misses you.
You barely miss the worm. You headbutt the worm. Your punch misses the worm.
The worm is almost dead.
The worm bites you.
You hit the worm but do no damage.
The worm seems to slow down.
The worm is severely wounded.
The worm is no longer moving slowly.
You hit the worm.
The worm seems to speed up.
Xom is mildly amused.
The worm is almost dead.
The worm bites you!
You hit the worm.
The worm suddenly seems more resistant.
The worm is almost dead.
The worm bites you.
You barely miss the worm.
The worm is almost dead.
The worm bites you.
You hit the worm.
You kill the worm!
You open the door.
There is an open door here.
HP restored.
You enter a teleport trap!
The teleport trap disappears.
Your surroundings suddenly seem different.
There is an open door here.
You see here a +3 whip.
You see here a +0 halberd.
Found a stone staircase leading up.
You now have 43 gold pieces (gained 14).
You now have 60 gold pieces (gained 17).
You open the door.
There is a stone staircase leading up here.
Found a stone staircase leading up.
There is a stone staircase leading up here.
A rat comes into view.
The rat closely misses you.
You hit the rat. You freeze the rat.
You kill the rat!
No target in view!
A frilled lizard comes into view.
The frilled lizard hisses angrily.
A rat comes into view.
Found 8 gold pieces.
The frilled lizard barely misses you. You furiously retaliate!
You headbutt the frilled lizard. You barely miss the frilled lizard.
The frilled lizard is heavily wounded.
The frilled lizard closely misses you.
You barely miss the frilled lizard.
The frilled lizard is heavily wounded.
The frilled lizard bites you.
You completely miss the frilled lizard.
The frilled lizard is heavily wounded.
The frilled lizard barely misses you. You furiously retaliate!
You headbutt the frilled lizard.
You kill the frilled lizard!
The rat bites you.
You hit the rat.
You feel better.
The rat is severely wounded.
The rat misses you.
You barely miss the rat. Your headbutt misses the rat.
The rat is severely wounded.
The rat bites you.
You slash the rat! You burn the rat.
You kill the rat!
No target in view!
Found a stone staircase leading up. "Fight to survive, mortal."
You hit the quasit. You freeze the quasit. Your headbutt misses the quasit.
The quasit is moderately wounded.
The quasit bites you but does no damage.
The quasit claws you but does no damage.
The quasit closely misses you.
You barely miss the quasit. Your headbutt misses the quasit.
The quasit is moderately wounded.
The quasit closely misses you. You furiously retaliate!
You headbutt the quasit! The quasit claws you.
The quasit claws you but does no damage.
You hit the quasit.
You kill the quasit!
The quasit disappears in a puff of smoke!
You now have 68 gold pieces (gained 8).
There is a stone staircase leading up here.
You open the door.
There is an open door here.
There is an open door here.
Found a stone staircase leading down.
There is a stone staircase leading down here.
A goblin comes into view. It is wielding a +0 club.
The goblin shouts!
You hit the goblin.
The goblin is poisoned.
Your headbutt misses the goblin.
The goblin is severely wounded.
The goblin hits you with a +0 club.
You closely miss the goblin.
The goblin is severely wounded.
The goblin hits you with a +0 club.
You hit the goblin.
You kill the goblin!
No target in view!
d - 4 scrolls labelled SYRYM KI QEC (gained 1)
Things that are here:
a +0 club; a goblin corpse
There is a stone staircase leading up here.
A rat comes into view.
The rat closely misses you.
You hit the rat.
You kill the rat!
No target in view!
Done exploring.
Done exploring.
There is a stone staircase leading up here.
There is a stone staircase leading down here.
Unknown command.
Welcome back, scionoferis the Minotaur Chaos Knight.
Xom snickers.
Press ? for a list of commands and other information.
You climb downwards.
Found a scroll labelled DYFUM LEEPSAJY.
Found a stone staircase leading down and a stone staircase leading up.
There is a stone staircase leading up here.
A frilled lizard comes into view.
The frilled lizard hisses angrily. 2 bats come into view. "This might be better!"
The bat seems to slow down.
The bat is no longer moving slowly.
Found 7 stones.
You hit the bat. You headbutt the bat.
You kill the bat!
The bat hits you but does no damage.
You barely miss the bat. Your headbutt misses the bat.
You barely miss the frilled lizard. The bat closely misses you.
The frilled lizard closely misses you.
You completely miss the frilled lizard.
Your headbutt misses the frilled lizard.
The bat closely misses you.
The frilled lizard bites you but does no damage.
You slash the frilled lizard!
You kill the frilled lizard!
You hit the bat. The bat misses you. You furiously retaliate!
You headbutt the bat.
You kill the bat!
e - 2 scrolls labelled DYFUM LEEPSAJY (gained 1)
There are no items here.
There is a stone staircase leading down here.
There is a stone staircase leading up here.
As you read the scroll labelled SYRYM KI QEC, it crumbles to dust.
It is a scroll of identify.
e - 2 scrolls of immolation
As you read the scroll of identify, it crumbles to dust.
f - 2 scrolls of enchant armour
Okay, then.
You open the door.
Found a chain mail.
There is an open door here.
A rat comes into view.
Found 12 gold pieces.
You see here a +0 chain mail.
Found a dagger and a scale mail.
You see here a wand of quicksilver (7).
j - a wand of quicksilver (7)
The rat bites you but does no damage.
You hit the rat but do no damage. The rat bites you.
You slash the rat!
You kill the rat!
No target in view!
Search for what [? for help]? d: Unknown command.
HP restored.
You now have 80 gold pieces (gained 12).
You open the door.
There is an open door here.
As you open the door, it creaks loudly!
A giant cockroach comes into view.
You closely miss the giant cockroach. The giant cockroach closely misses you.
You barely miss the giant cockroach.
Your headbutt misses the giant cockroach.
The giant cockroach bites you.
You barely miss the giant cockroach.
The giant cockroach bites you but does no damage.
You closely miss the giant cockroach. The giant cockroach closely misses you.
You furiously retaliate!
You headbutt the giant cockroach!
You kill the giant cockroach!
No target in view!
As you open the door, it creaks loudly!
There is an open door here.
You open the door.
There is an open door here.
Found a mace.
You now have 92 gold pieces (gained 12).
Found a hand axe.
d - 3 scrolls of identify (gained 1)
An endoplasm and a goblin come into view.
The goblin shouts!
An orc comes into view. It is wielding a +0 whip.
Found an escape hatch in the floor.
The orc shouts!
A dart slug comes into view.
The endoplasm quivers.
The orc closely misses you. You furiously retaliate!
You headbutt the orc!
You kill the orc!
You hit the goblin.
You kill the goblin!
You slash the endoplasm!
You kill the endoplasm!
You see here a +0 club.
You hit the dart slug but do no damage.
The dart slug blinks!
The dart slug bites you but does no damage.
You hit the dart slug. You burn the dart slug.
The dart slug is heavily wounded.
The dart slug closely misses you.
You hit the dart slug but do no damage.
The dart slug is heavily wounded.
The dart slug bites you but does no damage.
You hit the dart slug. You burn the dart slug. You headbutt the dart slug.
The dart slug is almost dead.
You hit the dart slug.
You kill the dart slug!
No target in view!
k - a wand of digging (5)
A goblin comes into view. It is wielding a +0 club.
Found 4 stones and a pair of gloves.
The goblin shouts!
Found a stone staircase leading down.
The goblin hits you but does no damage.
You hit the goblin.
The goblin seems to grow stronger.
Xom thinks this is hilarious!
Your headbutt misses the goblin.
The goblin is moderately wounded.
The goblin hits you but does no damage.
You barely miss the goblin.
The goblin is moderately wounded.
The goblin hits you but does no damage.
You slash the goblin!
You kill the goblin!
No target in view!
You see here a +0 pair of gloves.
l - a +0 pair of gloves You start putting on your armour.
You continue putting on your +0 pair of gloves. x4
You finish putting on your +0 pair of gloves.
Found a mace.
Things that are here:
a +0 club; 4 stones You open the door.
There is an open door here.
Found a maw talisman.
An adder comes into view.
The adder hisses angrily.
You hit the adder.
The adder goes berserk!
The adder is heavily wounded.
The adder bites you but does no damage. x2
You closely miss the adder.
The adder is heavily wounded.
The adder closely misses you. The adder bites you but does no damage.
You hit the adder. You burn the adder. Your headbutt misses the adder.
The adder is almost dead.
The adder bites you.
You are poisoned.
The adder poisons you! The adder barely misses you.
You barely miss the adder. Your headbutt misses the adder.
The adder is almost dead.
You feel sick. The adder barely misses you. x2
You closely miss the adder. Your headbutt misses the adder.
The adder is almost dead.
You feel sick. The adder bites you but does no damage. The adder misses you.
You furiously retaliate!
You headbutt the adder, but do no damage.
You barely miss the adder.
The adder is almost dead.
You feel sick. The adder bites you but does no damage.
You barely miss the adder.
The adder is almost dead.
You feel sick. The adder bites you but does no damage.
The adder closely misses you.
You closely miss the adder.
The adder is almost dead.
You feel sick.
The adder bites you but does no damage. x2
You hit the adder.
The adder is poisoned.
You headbutt the adder.
You kill the adder!
You feel sick.
You are no longer poisoned.
No target in view!
A ball python comes into view.
The ball python hisses angrily.
An adder comes into view.
You barely miss the adder. You completely miss the fungus. You hit the fungus.
The fungus begins to die.
You freeze the fungus.
You hit the ball python but do no damage.
The adder misses you. You furiously retaliate!
You headbutt the adder, but do no damage.
The ball python closely misses you. The ball python barely misses you.
The adder bites you but does no damage.
You hit the adder but do no damage.
Space warps horribly around the adder!
You kill the adder!
You hit the fungus. Lightning courses through the fungus!
You closely miss the ball python. You hit the fungus.
The fungus begins to die.
The ball python bites you but does no damage.
The ball python grabs you. The ball python constricts you.
Your Fighting skill increases to level 5!
Your Axes skill increases to level 6!
You have reached level 5!
You closely miss the ball python. You hit the fungus. You freeze the fungus.
You hit the fungus. Lightning courses through the fungus!
The ball python barely misses you. The ball python constricts you.
You closely miss the ball python. You hit the fungus. You drain the fungus.
You hit the fungus. You freeze the fungus.
A nearby fungus withers and dies.
The ball python bites you but does no damage.
The ball python constricts you.
The ball python bites you but does no damage.
The ball python constricts you.
You slash the ball python!
You kill the ball python!
You hit the fungus but do no damage.
A nearby fungus withers and dies.
You see here a ball python corpse.
Unknown command.
Welcome back, scionoferis the Minotaur Chaos Knight.
Xom snickers.
Press ? for a list of commands and other information.
You see here an adder corpse.
m - a sedimented pink potion
Found a stone staircase leading up.
There is a stone staircase leading up here.
Found 5 stones.
Found a stone staircase leading down.
There is a stone staircase leading down here.
Found 6 stones.
You see here 6 stones.
There is a stone staircase leading down here.
A rat comes into view.
You hit the rat but do no damage. The rat closely misses you.
You hit the rat. You headbutt the rat.
You kill the rat!
No target in view!
As you open the door, it creaks loudly!
There is an open door here.
Found a hand axe.
No target in view!
You see here a +0 hand axe.
You hear Xom's maniacal laughter.
You miss the adder. You closely miss the adder.
The adder bites you but does no damage. x2
You closely miss the adder. You miss the adder. The adder bites you.
The adder closely misses you. You furiously retaliate!
You headbutt the adder. You barely miss the adder.
Your headbutt misses the adder.
The adder is heavily wounded.
You miss the adder. You barely miss the worm. The adder barely misses you.
You furiously retaliate!
You headbutt the adder!
You kill the adder!
The adder's corpse disappears in a puff of smoke!
The adder bites you but does no damage. The adder attacks as it pursues you!
The adder bites you.
You are poisoned.
The adder poisons you! The adder bites you but does no damage.
You barely miss the adder. Your headbutt misses the adder.
You feel sick. The adder misses you.
You barely miss the adder. Your headbutt misses the adder.
You feel sick. The adder closely misses you.
You slash the adder!
Space warps horribly around the adder!!
You kill the adder!
The adder's corpse disappears in a puff of smoke!
You feel sick.
You hit the worm. You headbutt the worm.
The worm is heavily wounded.
You feel sick.
You slash the worm! You freeze the worm.
You kill the worm!
The worm's corpse disappears in a puff of smoke!
You feel sick.
You feel sick.
You feel sick.
You are no longer poisoned.
HP restored.
You see here a +0 hand axe.
There is an open door here.
There is a stone staircase leading up here.
An adder comes into view.
The adder barely misses you.
You barely miss the adder. The adder bites you but does no damage.
You completely miss the adder. The adder bites you.
You completely miss the adder. You headbutt the adder!
The adder is almost dead.
The adder barely misses you. The adder bites you but does no damage.
You hit the adder. You burn the adder.
You kill the adder!
No target in view!
There is an open door here.
There is a stone staircase leading down here.
Found an escape hatch in the ceiling.
A giant cockroach comes into view.
The giant cockroach bites you.
You closely miss the giant cockroach.
The giant cockroach bites you but does no damage.
You barely miss the giant cockroach.
Your headbutt misses the giant cockroach.
The giant cockroach bites you.
You hit the giant cockroach but do no damage.
Lightning courses through the giant cockroach!
You kill the giant cockroach!
No target in view!
An adder comes into view.
The adder hisses angrily.
You hit the adder. You burn the adder. Your headbutt misses the adder.
The adder is moderately wounded.
The adder bites you.
You barely miss the adder.
The adder is moderately wounded.
The adder bites you but does no damage. The adder closely misses you.
You hit the adder. You freeze the adder.
The adder is heavily wounded.
The adder bites you but does no damage.
You miss the adder.
The adder is heavily wounded.
The adder barely misses you.
You barely miss the adder. You headbutt the adder.
You kill the adder!
No target in view!
You now have 99 gold pieces (gained 7).
Found 6 stones.
You open the door.
A rat comes into view.
Found 5 poisoned darts and a book of the Senses.
There is an open door here.
You hit the rat.
The rat is moderately wounded.
The rat bites you.
You hit the rat. You freeze the rat.
You kill the rat!
No target in view!
No target in view!
You see here 5 poisoned darts.
n - 5 poisoned darts You pick up a book of the Senses and begin reading...
You add the spells Dazzling Flash, Agony and Silence to your library.
You open the door.
There is an open door here.
Found a hammer.
Found a runed translucent door.
Crazy Yiuf shouts!
Crazy Yiuf considers dialectic materialism.
Crazy Yiuf screams, "Shower chair song!"
You open the door. You hit Crazy Yiuf.
Crazy Yiuf is lightly wounded.
Crazy Yiuf hits you with a +2 quarterstaff of chaos!
You slash Crazy Yiuf!
Crazy Yiuf seems to speed up.
Crazy Yiuf is heavily wounded.
Crazy Yiuf barely misses you.
You hit Crazy Yiuf.
Crazy Yiuf seems to grow stronger.
Crazy Yiuf is almost dead.
Crazy Yiuf says, "Which is more difficult, to awaken one who sleeps or to awaken one who, awake, dreams that he is awake?"
Crazy Yiuf hits you with a +2 quarterstaff of chaos!
You are electrocuted!
* * * LOW HITPOINT WARNING * * *
Crazy Yiuf closely misses you.
You completely miss Crazy Yiuf. Your headbutt misses Crazy Yiuf.
Crazy Yiuf is almost dead.
Crazy Yiuf hits you with a +2 quarterstaff of chaos!!
Ouch! That really hurt!
You die...
Xom giggles madly!

Skill      XL: |  1  2  3  4 |
---------------+-------------+-----
Axes           | 4 5 6 |  6.2
Fighting       | 4 5 |  5.1
Armour         | |  2.4
Dodging        | |  1.1

Action                     |  1- 3 |  4- 6 || total
---------------------------+-------+-------++-------
  Melee: Hand axe          |    38 |    98 ||   136
         Headbutt          |     8 |    13 ||    21
    Use: Scroll            |       |     2 ||     2
   Stab: Sleeping          |       |     1 ||     1
 Armour: Leather armour    |    24 |    61 ||    85
  Dodge: Dodged            |    16 |    45 ||    61

Levels and vault maps discovered:
D:1:      lightli_arrival_quake, layout_basic, basic_ecumenical_altar,
          chequers_serial_rivers_marsh
D:2:      layout_basic, reono_crystal_passage
D:3:      layout_basic, dreamdust_mushroom_princess, uniq_crazy_yiuf_cottage

Notes
Turn   | Place    | Note
-------+----------+-------------------------------------------
     0 | D:1      | scionoferis the Minotaur Chaos Knight began the quest for
                  | the Orb.
     0 | D:1      | Reached XP level 1. HP: 19/19 MP: 0/0
   141 | D:1      | XOM: silly message
   173 | D:1      | Reached skill level 4 in Axes
   186 | D:1      | XOM: divination: detect items
   188 | D:1      | Reached XP level 2. HP: 27/27 MP: 1/1
   210 | D:1      | XOM: silly message
   265 | D:1      | Found a faded altar of an unknown god.
   463 | D:1      | Reached skill level 4 in Fighting
   573 | D:1      | XOM: noise
   793 | D:2      | Reached XP level 3. HP: 32/33 MP: 2/2
   829 | D:2      | Noticed a scorpion
   829 | D:2      | XOM: potion effect (attraction)
   832 | D:2      | Killed a scorpion
   833 | D:2      | Reached skill level 5 in Axes
   833 | D:2      | Reached XP level 4. HP: 33/41 MP: 3/3
  1053 | D:2      | XOM: swap monsters
  1428 | D:2      | XOM: summons 1 hostile demon
  1692 | D:2      | Upgraded the game from 0.31-a0-879-g1609e0ac53 to
                  | 0.31-a0-881-ge136f0c47a
  1696 | D:3      | XOM: enchant monster (good)
  1911 | D:3      | Reached skill level 5 in Fighting
  1911 | D:3      | Reached skill level 6 in Axes
  1911 | D:3      | Reached XP level 5. HP: 48/48 MP: 4/4
  2008 | D:3      | XOM: summons 3 hostile shadow creatures
  2218 | D:3      | Found a runed translucent door.
  2219 | D:3      | Noticed Crazy Yiuf
  2226 | D:3      | Mangled by Crazy Yiuf

Vanquished Creatures
  A scorpion (D:2)
  5 adders (D:2 D:3)
  2 worms (D:2)
  2 dart slugs (D:2 D:3)
  An orc (D:3)
  5 bats (D:1 D:2 D:3)
  4 endoplasms (D:1 D:2 D:3)
  4 giant cockroaches (D:1 D:2 D:3)
  4 goblins (D:1 D:2 D:3)
  2 hobgoblins (D:1 D:2)
  2 kobolds (D:1)
  A quokka (D:2)
  4 ball pythons (D:1 D:3)
  4 frilled lizards (D:1 D:2 D:3)
  10 rats (D:1 D:2 D:3)
51 creatures vanquished.

Table legend: (Time is in decaauts)
 A = Elapsed time spent in this place.
 B = Non-inter-level travel time spent in this place.
 C = Inter-level travel time spent in this place.
 D = Time resting spent in this place.
 E = Time spent auto-exploring this place.
 F = Levels seen in this place.
 G = Mean time per level.
                   A        B        C        D        E       F      G
               +--------+--------+--------+--------+--------+-----+--------+
         Total |   2231 |   1883 |    348 |      0 |    882 |   3 |  743.7 |
       Dungeon |   2231 |   1883 |    348 |      0 |    882 |   3 |  743.7 |
               +--------+--------+--------+--------+--------+-----+--------+

Top non-repeatable levels by time:
     D:2: 975 daAuts
     D:1: 723 daAuts
     D:3: 533 daAuts

Table legend:
 A = Non-vault XP
 B = Vault XP
 C = Vault XP percentage of total XP
 D = Non-vault monster count
 E = Vault monster count
 F = Vault count percentage of total count
                 A         B        C        D         E       F
            +---------+---------+-------+---------+---------+-------
      Total |     231 |       0 |   0.0 |      51 |       0 |   0.0
            +---------+---------+-------+---------+---------+-------
        D:1 |      26 |       0 |   0.0 |      16 |       0 |   0.0
        D:2 |     127 |       0 |   0.0 |      17 |       0 |   0.0
        D:3 |      78 |       0 |   0.0 |      18 |       0 |   0.0
            +---------+---------+-------+---------+---------+-------
